 Dungeon Crawl Stone Soup version 0.23-b1-75-g379dba2534 (webtiles) character file.

Game seed: 14812120255600044008

204 Revguard the Slasher (level 5, -8/45 HPs)
             Began as a Minotaur Gladiator on Feb 7, 2019.
             Was a Follower of Uskayaw.
             Killed from afar by an orc wizard (9 damage)
             ... with a puff of flame
             ... on level 4 of the Dungeon.
             The game lasted 00:08:08 (1496 turns).

Revguard the Slasher (Minotaur Gladiator)           Turns: 1496, Time: 00:08:08

Health: -8/45      AC:  4    Str: 18    XL:     5   Next: 52%
Magic:  4/4        EV: 14    Int:  5    God:    Uskayaw [*.....]
Gold:   172        SH:  0    Dex: 13    Spells: 4/4 levels left

rFire    . . .     SeeInvis +   m - +0 great sword
rCold    . . .     Gourm    .   (shield currently unavailable)
rNeg     . . .     Faith    .   b - +0 leather armour
rPois    .         Spirit   .   c - +0 hat
rElec    .         Reflect  .   (no cloak)
rCorr    .         Harm     .   (no gloves)
MR       .....                  j - +0 pair of boots
Stlth    +.........             (no amulet)
HPRegen  0.15/turn              n - ring of see invisible
MPRegen  0.09/turn              (no ring)

@: no status effects
A: retaliatory headbutt, horns 2
a: Stomp, Renounce Religion


You were on level 4 of the Dungeon.
You worshipped Uskayaw.
Uskayaw was noncommittal.
You were very hungry.

You visited 1 branch of the dungeon, and saw 4 of its levels.

You collected 172 gold pieces.

Inventory:

Hand Weapons
 m - a +0 great sword (weapon)
Missiles
 d - 3 throwing nets (quivered)
Armour
 b - a +0 leather armour (worn)
 c - a +0 hat (worn)
 j - a +0 pair of boots (worn)
Jewellery
 n - a ring of see invisible (left hand)
Scrolls
 p - 2 scrolls of amnesia {unknown}
 r - a scroll of magic mapping {unknown}
 s - 2 scrolls of random uselessness {unknown}
Potions
 e - a potion of haste
 h - 2 potions of magic
 o - a potion of cancellation
Comestibles
 f - 9 rations


   Skills:
 + Level 3.5 Fighting
 + Level 5.3 Long Blades
 - Level 2.0 Throwing
 + Level 2.0 Armour
 + Level 4.6 Dodging
 * Level 0.9 Invocations


You had 4 spell levels left.
You didn't know any spells.
Your spell library was empty.

Dungeon Overview and Level Annotations

Branches:
Dungeon (4/15)
 Temple: D:4-7

Altars:
Fedhas
Uskayaw
Vehumet
Wu Jian
Yredelemnul


Innate Abilities, Weirdness & Mutations

You reflexively headbutt those who attack you in melee.
You have a pair of horns on your head.


Message History

The jackal barks!
You hit the jackal.
The jackal is almost dead.
The jackal bites you but does no damage.
A jackal comes into view.
The jackal bites you.
* * * LOW HITPOINT WARNING * * *
You closely miss the jackal. Your headbutt misses the jackal.
The jackal is almost dead.
The jackal barely misses you.
The jackal bites you but does no damage.
The jackal closely misses you. You furiously retaliate!
You headbutt the jackal, but do no damage.
You riposte.
You closely miss the jackal.
The jackal is almost dead.
You slash the jackal!
You kill the jackal!
The orc wizard casts a spell at you. The puff of flame hits you!
You die...

.##....### ##
........ ... ......
.. #.##.#
####.##.##.#
.........hh#
###.##.##o#
####.##o##.###.###
........##@$......
####.##.#.........
..... #.#..###.###
......#.#......#
......#o#..##..###
..................
#..##..#.#...#..###.
....................
...................


You could see an orc wizard (invisible) and 2 jackals.

Vanquished Creatures
  An orc wizard (D:4)
  A worker ant (D:4)
  2 hound skeletons (D:3)
  5 adders
  A shadow imp (D:3)
  2 leopard geckos
  2 orcs (D:4)
  5 giant cockroaches
  5 goblins
  12 hobgoblins
  7 jackals
  2 ball pythons
  7 bats
  A frilled lizard (D:2)
  A giant cockroach zombie (D:3)
  9 kobolds
  A leopard gecko zombie (D:3)
  A quokka skeleton (D:3)
  A quokka zombie (D:3)
  4 rats (D:1)
  A spectral orc (D:2)
71 creatures vanquished.

Notes
Turn   | Place    | Note
-------+----------+-------------------------------------------
     0 | D:1      | Revguard the Minotaur Gladiator began the quest for the
                  | Orb.
     0 | D:1      | Reached XP level 1. HP: 18/18 MP: 0/0
   103 | D:1      | Reached XP level 2. HP: 21/25 MP: 1/1
   435 | D:2      | Reached skill level 4 in Long Blades
   435 | D:2      | Reached XP level 3. HP: 26/30 MP: 2/2
   617 | D:2      | Reached XP level 4. HP: 25/38 MP: 3/3
   712 | D:2      | Found an ornate altar of the Wu Jian Council.
   829 | D:2      | Found a basalt altar of Yredelemnul.
   874 | D:3      | Found a radiant altar of Vehumet.
   883 | D:3      | Reached skill level 1 in Armour
   936 | D:3      | Found a hide-covered altar of Uskayaw.
   949 | D:3      | Became a worshipper of Uskayaw the Reveler
   991 | D:3      | Reached * piety under Uskayaw
  1069 | D:3      | Found a blossoming altar of Fedhas.
  1183 | D:3      | Reached skill level 5 in Long Blades
  1443 | D:4      | Reached XP level 5. HP: 35/45 MP: 4/4
  1443 | D:4      | Reached ** piety under Uskayaw
  1451 | D:4      | Reached *** piety under Uskayaw
  1477 | D:4      | HP: 2/45 [poisoned by a worker ant]
  1485 | D:4      | HP: 1/45 [poisoned by a worker ant]
  1493 | D:4      | HP: 1/45 [jackal (2)]
  1496 | D:4      | Killed from afar by an orc wizard

Skill      XL: |  1  2  3  4  5 |
---------------+----------------+-----
Dodging        | 4 |  4.6
Long Blades    | 4 5 |  5.3
Fighting       | 3 |  3.5
Armour         | 1 2 |  2.0
Throwing       | |  2.0
Invocations    | |  0.9

Action                   |  1- 3 |  4- 6 || total
-------------------------+-------+-------++-------
Melee: Long sword        |    44 |       ||    44
       Headbutt          |    14 |     9 ||    23
       Great sword       |    11 |    50 ||    61
Invok: Stomp             |       |     1 ||     1
  Use: Scroll            |       |     5 ||     5
       Potion            |       |     3 ||     3
 Stab: Paralysed         |       |     1 ||     1
  Eat: Chunk             |       |     1 ||     1
Armor: Leather armour    |    14 |    12 ||    26
Dodge: Dodged            |    61 |    51 ||   112
       Rpst.: Long sword |    14 |       ||    14
       Great sword       |     4 |    13 ||    17
